 Dungeon Crawl Stone Soup version 0.31.0-32-g396128a36d (webtiles) character file.

Game seed: 17619476246067689250

284334 sosloow the Black Belt (level 20, -8/240 HPs)
             Began as a Gnoll Shapeshifter on Apr 20, 2024.
             Was the Champion of Cheibriados.
             Splashed by a caustic shrike's acid (11 damage)
             ... on level 4 of the Depths.
             The game lasted 02:01:41 (40480 turns).

sosloow the Black Belt (Gnoll Shapeshifter)        Turns: 40480, Time: 02:01:42

Health: -8/240     AC: 19    Str: 35    XL:     20   Next: 31%
Magic:  39/39      EV: 25    Int: 38    God:    Cheibriados [******]
Gold:   1859       SH:  5    Dex: 31    Spells: 16/47 levels left

rFire   + . .        d - +9 eveningstar (elec)
rCold   + + .        (no shield)
rNeg    + . .        F - +7 chain mail of Parlour Games {Slay+3}
rPois   +            P - +3 hat of Pondering {ponderous, Will+ MP+10 Int+5}
rElec   .            Y - scarf of the Shoals {+Inv, rPois rC+ Int+3 Slay+2}
rCorr   .            x - +3 pair of gauntlets of War {Slay+5}
SInv    .            i - +2 pair of boots "Vet Oguh" {rPois Str+4}
Will    ++...        c - amulet of reflection Stlth
                     e - ring of Guss {Fly rF+ rC+ MP-9 Str+3}
HPRegen 0.60/turn    E - ring of positive energy
MPRegen 0.26/turn

%: reflection, clarity
@: berserking (expiring), corroded, flying, studying Earth Magic, very slow
A: fangs 1, strong nose, distributed training, talons 1, clarity
}: 2/15 runes: decaying, serpentine
a: Renounce Religion, Evoke Invisibility, Bend Time, Temporal Distortion,
Slouch, Step From Time


You were on level 4 of the Depths.
You worshipped Cheibriados.
Cheibriados was exalted by your worship.
You visited 7 branches of the dungeon, and saw 35 of its levels.
You also visited: Trove.

You collected 3750 gold pieces.
You spent 1891 gold pieces at shops.

Inventory:

Hand Weapons
 d - a +9 eveningstar of electrocution (weapon)
 K - the +6 arbalest "Damnation" {damnation}
   (You found it on level 2 of the Depths)
Missiles
 f - a throwing net
 m - 6 silver javelins
 o - 4 javelins (quivered)
 I - 12 atropa-tipped darts
Armour
 b - the +3 buckler "Hosopp" {Will+}
   (You found it on level 2 of the Snake Pit)

   Will+:     It increases your willpower.
 i - the +2 pair of boots "Vet Oguh" (worn) {rPois Str+4}
   (You acquired it on level 15 of the Dungeon)

   Str+4:     It affects your strength (+4).
   rPois:     It protects you from poison
 q - a +0 kite shield of protection
 x - the +3 pair of gauntlets of War (worn) {Slay+5}
   (You found it in a treasure trove)

   Slay+5:    It affects your accuracy & damage with ranged weapons and melee
   (+5).
 F - the +7 chain mail of Parlour Games (worn) {Slay+3}
   (You found it on level 10 of the Dungeon)

   Slay+3:    It affects your accuracy & damage with ranged weapons and melee
   (+3).
 P - the +3 hat of Pondering (worn) {ponderous, Will+ MP+10 Int+5}
   (You found it on level 14 of the Dungeon)

   Int+5:     It affects your intelligence (+5).
   Will+:     It increases your willpower.
   MP+10:     It affects your magic capacity (+10).
 Y - the scarf of the Shoals (worn) {+Inv, rPois rC+ Int+3 Slay+2}
   (You found it in a treasure trove)

   Int+3:     It affects your intelligence (+3).
   Slay+2:    It affects your accuracy & damage with ranged weapons and melee
   (+2).
   rC+:       It protects you from cold.
   rPois:     It protects you from poison
Jewellery
 c - an amulet of reflection (around neck)
 e - the ring of Guss (left hand) {Fly rF+ rC+ MP-9 Str+3}
   (You found it on level 14 of the Dungeon)

   [ring of protection from fire]

   Str+3:     It affects your strength (+3).
   rF+:       It protects you from fire.
   rC+:       It protects you from cold.
   MP-9:      It affects your magic capacity (-9).
   Fly:       It grants you flight.
 C - a ring of protection from cold
 D - a ring of poison resistance
 E - a ring of positive energy (right hand)
 M - the dreamshard necklace {Acrobat *Dream}
   (You found it on level 2 of the Depths)

   [amulet of the acrobat]

   *Dream:    It absorbs a single lethal wound into itself, holding its wearer
   just short of death and releasing dream-creatures to guard them.
   Acrobat:   It increases your evasion while moving and waiting.
 V - a ring of willpower
Talismans
 g - a maw talisman
 B - a blade talisman
 S - a serpent talisman
Wands
 u - a wand of light (9)
 v - a wand of digging (5)
 H - a wand of charming (36)
 N - a wand of polymorph (15)
 T - a wand of mindburst (15)
 W - a wand of iceblast (31)
Scrolls
 a - 6 scrolls of amnesia
 h - 13 scrolls of teleportation
 r - 3 scrolls of revelation
 s - a scroll of summoning
 t - 7 scrolls of identify
 y - 5 scrolls of fear
 A - a scroll of silence
 J - 3 scrolls of enchant armour
 L - 5 scrolls of blinking
 O - 4 scrolls of fog
Potions
 j - a potion of curing
 l - 4 potions of ambrosia
 n - a potion of cancellation
 z - 4 potions of magic
 G - 5 potions of attraction
 R - 8 potions of might
 U - 4 potions of brilliance
 X - 4 potions of resistance
 Z - 6 potions of mutation
Miscellaneous
 p - a lightning rod (4/4)
 w - a phantom mirror
 Q - a phial of floods


   Skills:
 + Level 14.3 Fighting
 + Level 14.1 Short Blades
 + Level 14.1 Long Blades
 + Level 14.1 Axes
 + Level 14.1 Maces & Flails
 + Level 14.1 Polearms
 + Level 14.1 Staves
 + Level 14.1 Ranged Weapons
 + Level 14.1 Throwing
 + Level 14.1 Armour
 + Level 14.8 Dodging
 + Level 14.1 Stealth
 + Level 14.1 Shields
 + Level 15.4 Unarmed Combat
 + Level 14.1 Spellcasting
 + Level 12.0 Conjurations
 + Level 12.0 Hexes
 + Level 12.0 Summonings
 + Level 12.0 Necromancy
 + Level 12.0 Translocations
 + Level 12.0 Fire Magic
 + Level 12.0 Ice Magic
 + Level 12.0 Air Magic
 + Level 12.7 Earth Magic
 + Level 12.0 Alchemy
 + Level 15.3 Invocations
 + Level 14.1 Evocations
 + Level 14.4 Shapeshifting


You had 16 spell levels left.
You knew the following spells:

 Your Spells              Type           Power      Damage    Failure   Level
a - Petrify               Alch/Erth      88%        N/A       1%          4
b - Sticky Flame          Fire/Alch      87%        2d13      1%          4
c - Lee's Rapid Deconstr  Erth           44%        3d21*     1%          5
d - Malign Gateway        Summ/Tloc      43%        N/A       21%         7
e - Borgnjor's Vile Clut  Necr/Erth      44%        N/A       1%          5
f - Summon Cactus Giant   Summ           43%        N/A       3%          6

Your spell library contained the following spells:

 Spells                   Type           Power      Damage    Failure   Level
 Foxfire                  Conj/Fire      100%       2x1d9     1%          1
 Magic Dart               Conj           100%       1d8       1%          1
 Necrotise                Necr           100%       1d9       1%          1
 Ensorcelled Hibernation  Hex/Ice        100%       N/A       1%          2
 Jinxbite                 Hex            100%       N/A       1%          2
 Scorch                   Fire           100%       2d9       1%          2
 Searing Ray              Conj           100%       2d8       1%          2
 Sublimation of Blood     Necr           87%        N/A       1%          2
 Frozen Ramparts          Ice            100%       1d16      1%          3
 Fugue of the Fallen      Necr           87%        N/A       1%          3
 Hailstorm                Conj/Ice       87%        3d14      1%          3
 Inner Flame              Hex/Fire       87%        N/A       1%          3
 Summon Ice Beast         Ice/Summ       87%        N/A       1%          3
 Vampiric Draining        Necr           87%        2d12      1%          3
 Anguish                  Hex/Necr       43%        N/A       1%          4
 Animate Armour           Summ/Erth      100%       N/A       1%          4
 Animate Dead             Necr           87%        N/A       1%          4
 Flame Wave               Conj/Fire      87%        2d19      1%          4
 Fulminant Prism          Conj/Alch      43%        3d19      1%          4
 Leda's Liquefaction      Alch/Erth      44%        N/A       1%          4
 Martyr's Knell           Necr/Summ      87%        N/A       1%          4
 Passage of Golubria      Tloc           87%        N/A       1%          4
 Summon Lightning Spire   Summ/Air       87%        N/A       1%          4
 Curse of Agony           Necr           87%        N/A       1%          5
 Irradiate                Conj/Alch      43%        3d26      1%          5
 Metabolic Englaciation   Hex/Ice        43%        N/A       1%          5
 Silence                  Hex/Air        43%        N/A       1%          5
 Summon Forest            Summ/Tloc      43%        N/A       1%          5
 Summon Mana Viper        Hex/Summ       87%        N/A       1%          5
 Yara's Violent Unravell  Hex/Alch       43%        3d17      1%          5
 Death Channel            Necr           43%        N/A       3%          6
 Sculpt Simulacrum        Ice/Alch       43%        N/A       3%          6
 Enfeeble                 Hex            43%        N/A       21%         7
 Ozocubu's Refrigeration  Ice            43%        4d17      21%         7
 Lehudib's Crystal Spear  Conj/Erth      44%        10d11     80%         8
 Summon Horrible Things   Summ           43%        N/A       83%         8
 Chain Lightning          Conj/Air       43%        3d58      100%        9
 Fire Storm               Conj/Fire      43%        8d11      100%        9
 Polar Vortex             Ice            43%        12d5*     100%        9
 Shatter                  Erth           44%        3d34*     100%        9


Dungeon Overview and Level Annotations

Branches:
Dungeon (15/15)            Temple (1/1) D:7            Lair (5/5) D:8
  Swamp (4/4) Lair:3        Snake (4/4) Lair:2        Slime (0/5) Lair:4
    Orc (2/2) D:10            Elf (0/3) Orc:2        Depths (3/4) D:15
    Zot (0/5) Depths:4
 Vaults: D:13-14

Altars:
Ashenzari
Cheibriados
Dithmenos
Elyvilon
Fedhas
Gozag
Hepliaklqana
Kikubaaqudgha
Makhleb
Nemelex Xobeh
Okawaru
Qazlal
Ru
Sif Muna
Trog
Uskayaw
Vehumet
Wu Jian
Xom
Yredelemnul
Zin
The Shining One
Jiyva

Shops:
D:3 (   D:5 (   D:10 [   D:13 !   Orc:2 *[(:*   Snake:3 ==   Snake:4 !*
Depths:2 *:=:

Portals:
Hell: Depths:1 Depths:2
Pandemonium: Depths:2

Annotations:
D:13 1 exclusion


Innate Abilities, Weirdness & Mutations

You have very sharp teeth.
Your uncanny sense of smell can sniff out nearby items.
Your experience applies equally to all skills.
You have sharp toenails.
You possess an exceptional clarity of mind.


Message History

The caustic shrike claws you!!
You are splashed with acid.
The black draconian hits you with a +0 morningstar.
The shadow dragon bites you but does no damage.
The shadow dragon claws you.
The shadow dragon claws you but does no damage.
The deep troll earth mage misses you.
The deep troll earth mage barely misses you.
The deep troll earth mage claws you.
A fire dragon comes into view.
You block the caustic shrike's attack. The caustic shrike claws you!!
* * * LOW HITPOINT WARNING * * *
You are splashed with acid!
* * * LOW HITPOINT WARNING * * *
You hear a roar! x2; The fire dragon roars deafeningly!
You miss the caustic shrike. You punch the caustic shrike!!
You bite the caustic shrike.
The caustic shrike is moderately wounded.
The caustic shrike claws you.
* * * LOW HITPOINT WARNING * * *
The acid corrodes you!
You are splashed with acid!
* * * LOW HITPOINT WARNING * * *
You block the caustic shrike's attack. The shadow dragon barely misses you.
The shadow dragon claws you.
* * * LOW HITPOINT WARNING * * *
The shadow dragon misses you.
The black draconian hits you with a +0 morningstar!
* * * LOW HITPOINT WARNING * * *
Unknown command.
Unknown command.
You miss the caustic shrike.
The caustic shrike is moderately wounded.
The caustic shrike claws you.
* * * LOW HITPOINT WARNING * * *
The acid corrodes you!
You are splashed with acid!
* * * LOW HITPOINT WARNING * * *
The caustic shrike claws you but does no damage. x2
The caustic shrike claws you.
* * * LOW HITPOINT WARNING * * *
You are splashed with acid!
You die...

,,,*,,**####..#..#......,,,,,,,,,
,,*,***,...##.###.......,,,,,,,,,
,,,*,,,,....#..#........,,,,,,,,,
,,,,,,**###+#..#........,,,,,,,,,
,,,,,**,+.D)#..#........,,,,,~,,,
,,⌠,,*,,#DqD#..#TD8D....,,,,,,~,,
,,,,,*,,#.D.+.##TTTG....,,,,,~~,,
,,,,,*,,#+#####DdQD.D...,,,,,~~,,
,,,,,*,,#......b@#.§§§..,,,,~~~,,
,,,,***,##....###b#.≈§..,,~~~~~,,
,,,*,,*,.######..#b§....,,,~,~,,,
*,,*,,*∩......#..#......,,,,,,,,,
,**,**,*.......##.##....,,,,,,,,,
,,,*,,*,..⌠.....d#..#...,,,,,,,*,
,,,*,,,,<........#......,,,,,,**,
~,*,,,,,........#...≈§..,,,,,,,,,
~,,,,,,,,,,,,,,,,,,~~~~,,***,,,,,


You could see a shadow dragon, 3 caustic shrikes, a black draconian, a fire
dragon (summoned), 3 ice dragons, a tengu reaver (repels missiles), a glowing
orange brain, 3 deep trolls and a deep troll earth mage.

Vanquished Creatures
  A caustic shrike (Depths:4)
  A golden dragon (Depths:2)
  Norris (Depths:1)
  A lich (Depths:2)
  Asterion (Snake:3)
  3 sphinxes (Depths:2)
  Gastronok (Lair:2)
  Kirke (Lair:3)
  A tengu reaver (Depths:2)
  6 nagarajas
  A frost giant (D:15)
  A draconian knight (Depths:2)
  4 spectral caustic shrikes (Depths:2)
  A balrug (Depths:2)
  The ghost of saucetenuto the Thaumaturge, a journeyman DjFE of Elyvilon (Snake:2)
  2 draconian shifters (Depths:2)
  2 ghouls (Swamp:4)
  2 orc warlords (Orc:2)
  2 very ugly things (Depths:2)
  A hydra skeleton (Swamp:4)
  5 stone giants
  4 vampire knights
  A green draconian (Depths:4)
  A black draconian (Depths:4)
  3 eleionomae
  3 bunyips
  A white draconian (Depths:4)
  5 spark wasps
  2 purple draconians (Depths:2)
  3 ettins (Depths:1)
  2 jiangshi (Depths:2)
  7 fire dragons
  4 shambling mangroves (Swamp:4)
  Erolcha (Orc:2)
  A rakshasa (D:14)
  18 hydras
  6 centaur warriors
  2 catoblepae
  4 salamander tyrants (Snake:4)
  5 anacondas
  A ghost crab (Swamp:2)
  A death knight (D:14)
  14 alligators
  17 naga warriors
  4 two-headed ogres
  5 deep troll shamans
  6 tengu warriors
  A death yak (Lair:3)
  6 deep troll earth magi
  A vampire mage (Depths:2)
  3 boulder beetles
  An orc high priest (Orc:2)
  9 shock serpents
  Urug (Lair:3)
  20 naga sharpshooters
  2 spriggan berserkers (Depths:1)
  A soul eater (Depths:2)
  Amaemon (D:9)
  4 salamander mystics (Snake:4)
  A sixfirhy (Depths:2)
  6 skysharks
  2 goliath frogs (Swamp:1)
  9 skeletal warriors
  A death drake (Depths:2)
  9 mana vipers
  3 flayed ghosts
  2 spectral hydras (Swamp:4)
  4 bog bodies
  5 spriggan druids
  6 naga ritualists
  7 swamp dragons
  19 deep trolls
  A glowing orange brain (Depths:4)
  2 lindwurms (Depths:2)
  A deep elf archer (D:10)
  Pikel (D:4)
  4 harpies
  2 orc sorcerers (Orc:2)
  8 orc knights
  A deep elf pyromancer (D:15)
  2 will-o-the-wisps
  20 ugly things
  4 oklob plants
  2 wolf spiders (Lair:5)
  A cyclops (shapeshifter) (D:13)
  8 salamanders
  Maurice (D:9)
  10 manticores
  7 cyclopes
  Joseph (D:8)
  A meliai (D:14)
  6 elephants
  2 kobold blastminers (Orc:1)
  53 black mambas
  A black mamba (shapeshifter) (D:14)
  5 guardian serpents
  A torpor snail (Lair:3)
  14 naga magi
  14 cane toads
  An orange demon (D:9)
  An unseen horror (D:10)
  3 unseen horror zombies (D:9)
  4 kobold demonologists
  2 tengu conjurers
  9 rime drakes
  An efreet (D:14)
  3 freezing wraiths (Swamp:4)
  8 komodo dragons
  7 trolls
  A bloated husk (Swamp:4)
  6 tyrant leeches
  A hydra zombie (Swamp:4)
  23 hornets
  4 blink frogs
  A dream sheep (Lair:3)
  9 slime creatures
  2 water elementals (Depths:1)
  67 yaks
  15 wyverns
  A centaur simulacrum (D:15)
  12 spriggans
  A spriggan (shapeshifter) (D:14)
  3 wraiths
  5 hogs (Lair:3)
  4 steam dragons
  9 basilisks
  4 wargs
  2 redbacks (Lair:5)
  2 vampire mosquitoes (D:15)
  7 acid dragons
  15 swamp worms
  54 nagas
  22 water moccasins
  4 hydra simulacra (Swamp:4)
  3 hell hounds (Depths:2)
  11 ogres
  9 swamp drakes
  38 orc warriors
  5 black bears
  2 hornet zombies (D:9)
  2 swamp dragon zombies (Swamp:4)
  A sky beast (D:7)
  12 wolves
  3 boggarts (D:14)
  17 centaurs
  2 phantoms
  6 kobold brigands
  A lemure (D:4)
  12 bullfrogs
  A gnoll sergeant (D:7)
  A scorpion (D:4)
  16 wights
  7 killer bees
  7 howler monkeys
  5 electric eels
  3 centaur zombies (D:9)
  2 bombardier beetles
  A lava snake (Lair:3)
  4 hounds
  A jelly (D:5)
  15 orc priests
  A sleepcap (D:7)
  4 iguanas
  31 orc wizards
  7 hell rats (Lair:4)
  Robin (D:4)
  A howler monkey zombie (D:9)
  6 gnolls
  2 swamp drake zombies (Swamp:4)
  4 adders
  2 swamp drake skeletons (Swamp:4)
  A shadow imp (D:8)
  A white imp (D:7)
  2 ufetubi (D:7)
  A dart slug (D:3)
  4 ribbon worms
  77 orcs
  A ball python (D:1)
  13 endoplasms
  A giant cockroach (D:4)
  19 goblins
  14 hobgoblins
  5 jackals
  3 quokkas
  3 frilled lizards
  27 kobolds
  5 rats
1193 creatures vanquished.

Vanquished Creatures (collateral kills)
  A goliath frog (Swamp:1)
  A torpor snail (Lair:2)
2 creatures vanquished.

Vanquished Creatures (others)
  An ugly thing (D:15)
  A wight (D:8)
  2 gnolls (D:7)
  An adder (D:6)
  4 kobolds (D:8)
  6 foxfires (Swamp:4)
15 creatures vanquished.

Grand Total: 1210 creatures vanquished

Notes
Turn   | Place    | Note
-------+----------+-------------------------------------------
     0 | D:1      | sosloow the Gnoll Shapeshifter began the quest for the Orb.
     0 | D:1      | Reached XP level 1. HP: 17/17 MP: 1/1
   153 | D:1      | Reached XP level 2. HP: 20/23 MP: 2/2
   737 | D:1      | Reached XP level 3. HP: 24/28 MP: 3/3
  1090 | D:2      | Reached skill level 1 in Invocations
  1537 | D:3      | Found Gosuyl Ruog's Weapon Boutique.
  1611 | D:3      | Reached skill level 1 in Short Blades
  1611 | D:3      | Reached skill level 1 in Long Blades
  1611 | D:3      | Reached skill level 1 in Axes
  1611 | D:3      | Reached skill level 1 in Maces & Flails
  1611 | D:3      | Reached skill level 1 in Polearms
  1611 | D:3      | Reached skill level 1 in Staves
  1611 | D:3      | Reached skill level 1 in Ranged Weapons
  1611 | D:3      | Reached skill level 1 in Throwing
  1611 | D:3      | Reached skill level 1 in Armour
  1611 | D:3      | Reached skill level 1 in Stealth
  1611 | D:3      | Reached skill level 1 in Shields
  1611 | D:3      | Reached skill level 1 in Spellcasting
  1611 | D:3      | Reached skill level 1 in Evocations
  1631 | D:3      | Reached XP level 4. HP: 33/34 MP: 5/5
  1646 | D:3      | Reached skill level 1 in Conjurations
  1646 | D:3      | Reached skill level 1 in Hexes
  1646 | D:3      | Reached skill level 1 in Summonings
  1646 | D:3      | Reached skill level 1 in Necromancy
  1646 | D:3      | Reached skill level 1 in Translocations
  1646 | D:3      | Reached skill level 1 in Fire Magic
  1646 | D:3      | Reached skill level 1 in Ice Magic
  1646 | D:3      | Reached skill level 1 in Air Magic
  1646 | D:3      | Reached skill level 1 in Earth Magic
  1646 | D:3      | Reached skill level 1 in Alchemy
  1658 | D:3      | Reached XP level 5. HP: 25/40 MP: 5/7
  2411 | D:4      | Reached XP level 6. HP: 42/47 MP: 6/8
  2441 | D:4      | Found a bloodstained altar of Trog.
  2465 | D:4      | Reached skill level 5 in Dodging
  2571 | D:4      | Noticed Pikel
  2592 | D:4      | Killed Pikel
  2593 | D:4      | Reached XP level 7. HP: 53/53 MP: 7/11
  2803 | D:4      | Reached XP level 8. HP: 56/60 MP: 12/12
  2827 | D:4      | Noticed Robin
  2867 | D:4      | Killed Robin
  3282 | D:5      | Entered Level 5 of the Dungeon
  3282 | D:5      | Found Noras's Weapon Emporium.
  3402 | D:5      | Found a hide-covered altar of Uskayaw.
  4452 | D:6      | Found a shadowy altar of Dithmenos.
  4452 | D:6      | Found an ornate altar of the Wu Jian Council.
  4452 | D:6      | Found a white marble altar of Elyvilon.
  4841 | D:6      | Reached XP level 9. HP: 18/66 MP: 7/14
  5364 | D:7      | Reached skill level 5 in Fighting
  5694 | D:7      | Found a staircase to the Ecumenical Temple.
  5703 | Temple   | Entered the Ecumenical Temple
  5730 | Temple   | Became a worshipper of Cheibriados the Contemplative
  5790 | D:7      | Found a burning altar of Makhleb.
  6142 | D:7      | Found a sparkling altar of Nemelex Xobeh.
  6322 | D:7      | Reached skill level 5 in Invocations
  6893 | D:8      | Reached * piety under Cheibriados
  6950 | D:8      | Noticed Joseph
  6983 | D:8      | HP: 2/81 [Joseph/bolt of light (8)]
  6991 | D:8      | Killed Joseph
  6992 | D:8      | Reached skill level 5 in Short Blades
  6992 | D:8      | Reached skill level 5 in Long Blades
  6992 | D:8      | Reached skill level 5 in Axes
  6992 | D:8      | Reached skill level 5 in Maces & Flails
  6992 | D:8      | Reached skill level 5 in Polearms
  6992 | D:8      | Reached skill level 5 in Staves
  6992 | D:8      | Reached skill level 5 in Ranged Weapons
  6992 | D:8      | Reached skill level 5 in Throwing
  6992 | D:8      | Reached skill level 5 in Armour
  6992 | D:8      | Reached skill level 5 in Stealth
  6992 | D:8      | Reached skill level 5 in Shields
  6992 | D:8      | Reached skill level 5 in Spellcasting
  6992 | D:8      | Reached skill level 5 in Evocations
  6992 | D:8      | Reached XP level 10. HP: 14/76 MP: 3/17
  7469 | D:8      | Reached ** piety under Cheibriados
  7623 | D:8      | Found a staircase to the Lair.
  8138 | D:8      | Learned a level 4 spell: Petrify
  8460 | D:9      | Found a basalt altar of Yredelemnul.
  8463 | D:9      | Reached *** piety under Cheibriados
  8626 | D:9      | Reached skill level 5 in Conjurations
  8626 | D:9      | Reached skill level 5 in Hexes
  8626 | D:9      | Reached skill level 5 in Summonings
  8626 | D:9      | Reached skill level 5 in Necromancy
  8626 | D:9      | Reached skill level 5 in Translocations
  8626 | D:9      | Reached skill level 5 in Fire Magic
  8626 | D:9      | Reached skill level 5 in Ice Magic
  8626 | D:9      | Reached skill level 5 in Air Magic
  8626 | D:9      | Reached skill level 5 in Earth Magic
  8626 | D:9      | Reached skill level 5 in Alchemy
  8626 | D:9      | Reached XP level 11. HP: 63/83 MP: 20/20
  9097 | D:9      | Noticed Amaemon
  9135 | D:9      | Killed Amaemon
  9269 | D:9      | Reached **** piety under Cheibriados
  9469 | D:9      | Found an ancient bone altar of Kikubaaqudgha.
  9469 | D:9      | Found a radiant altar of Vehumet.
  9488 | D:9      | Got Vehumet's Enchiridion on Energy
  9497 | D:9      | Found a shimmering blue altar of Sif Muna.
  9537 | D:9      | Noticed Maurice
  9545 | D:9      | Maurice stole 4 javelins
  9549 | D:9      | Maurice stole a maw talisman
  9552 | D:9      | Killed Maurice
  9805 | D:10     | Entered Level 10 of the Dungeon
  9805 | D:10     | Found Ynurph's Armour Boutique.
 10077 | D:10     | Identified the +7 chain mail of Parlour Games {Slay+3}
 10304 | D:10     | Noticed a four-headed hydra
 10304 | D:10     | Identified the +3 long sword "Uqahiaps" {protect, rElec}
 10304 | D:10     | Noticed a deep elf archer
 10304 | D:10     | Noticed a tengu warrior
 10315 | D:10     | Killed a four-headed hydra
 10315 | D:10     | Reached ***** piety under Cheibriados
 10343 | D:10     | Killed a tengu warrior
 10364 | D:10     | Killed a deep elf archer
 10365 | D:10     | Reached XP level 12. HP: 37/91 MP: 11/22
 10407 | D:10     | Noticed a two-headed ogre
 10408 | D:10     | Gained mutation: Your body sometimes deteriorates upon
                  | taking damage. [potion of mutation]
 10416 | D:10     | Killed a two-headed ogre
 10782 | D:10     | Reached skill level 10 in Unarmed Combat
 10890 | D:10     | Found a staircase to the Orcish Mines.
 11239 | D:11     | Noticed a two-headed ogre
 11247 | D:11     | Killed a two-headed ogre
 11554 | D:11     | Noticed a boulder beetle
 11566 | D:11     | Killed a boulder beetle
 11770 | D:12     | Lost mutation: Your body sometimes deteriorates upon taking
                  | damage. [potion of mutation]
 11770 | D:12     | Gained mutation: You have sharp toenails. [potion of
                  | mutation]
 11770 | D:12     | Gained mutation: You possess an exceptional clarity of
                  | mind. [potion of mutation]
 11790 | D:12     | Noticed a centaur warrior
 11810 | D:12     | Killed a centaur warrior
 12005 | D:12     | Identified the +0 leather armour of Fope {rPois}
 12068 | D:12     | Found a portal to a secret trove of treasure.
 12133 | D:12     | Reached ****** piety under Cheibriados
 12146 | D:12     | Noticed a two-headed ogre
 12155 | D:12     | Killed a two-headed ogre
 12240 | D:12     | Reached XP level 13. HP: 83/99 MP: 20/25
 12431 | D:12     | Found a bloodstained altar of Trog.
 12441 | D:12     | Reached skill level 10 in Shapeshifting
 12547 | D:13     | Found Etululud's Distillery.
 12572 | D:13     | Identified the +0 leather armour "Adghume" {rF++ rN+ Str+2}
 12574 | D:13     | Bought a potion of ambrosia for 152 gold pieces
 12574 | D:13     | Bought a potion of curing for 57 gold pieces
 12574 | D:13     | Bought a potion of curing for 57 gold pieces
 12574 | D:13     | Bought a potion of heal wounds for 95 gold pieces
 12574 | D:13     | Bought a potion of curing for 57 gold pieces
 12574 | D:13     | Bought a potion of attraction for 57 gold pieces
 12845 | D:13     | Found a blossoming altar of Fedhas.
 12931 | D:13     | Learned a level 4 spell: Sticky Flame
 12937 | D:13     | Learned a level 5 spell: Lee's Rapid Deconstruction
 13162 | D:13     | Noticed a vault guard
 13886 | Lair:1   | Entered Level 1 of the Lair of Beasts
 13970 | Lair:3   | Noticed Urug
 13982 | Lair:3   | Killed Urug
 14024 | Lair:3   | Reached skill level 10 in Dodging
 14163 | Lair:4   | Found a viscous altar of Jiyva.
 14163 | Lair:4   | Found a staircase to the Slime Pits.
 14183 | Lair:5   | Entered Level 5 of the Lair of Beasts
 14586 | Lair:5   | Reached XP level 14. HP: 108/108 MP: 27/27
 14596 | Lair:5   | Reached skill level 10 in Invocations
 14920 | Lair:5   | Got an earthy gem with 2370 turns to spare
 15235 | Lair:5   | Identified the +3 dagger "Mugit" {protect, *Slow rC+++
                  | Int-4 SInv}
 15531 | Lair:5   | Reached skill level 10 in Fighting
 17271 | Lair:2   | Identified the +6 war axe "Zujebroz" {flame, rF+ Int+3}
 17307 | Lair:2   | You fall into a shaft and drop 2 floors!
 17724 | Lair:4   | Reached skill level 10 in Short Blades
 17724 | Lair:4   | Reached skill level 10 in Long Blades
 17724 | Lair:4   | Reached skill level 10 in Axes
 17724 | Lair:4   | Reached skill level 10 in Maces & Flails
 17724 | Lair:4   | Reached skill level 10 in Polearms
 17724 | Lair:4   | Reached skill level 10 in Staves
 17724 | Lair:4   | Reached skill level 10 in Ranged Weapons
 17724 | Lair:4   | Reached skill level 10 in Throwing
 17724 | Lair:4   | Reached skill level 10 in Armour
 17724 | Lair:4   | Reached skill level 10 in Stealth
 17724 | Lair:4   | Reached skill level 10 in Shields
 17724 | Lair:4   | Reached skill level 10 in Spellcasting
 17724 | Lair:4   | Reached skill level 10 in Evocations
 18608 | Lair:3   | Noticed Kirke
 18629 | Lair:3   | Killed Kirke
 18630 | Lair:3   | Reached XP level 15. HP: 117/117 MP: 25/29
 18671 | Lair:3   | Found a staircase to the Swamp.
 19948 | Lair:2   | Noticed Gastronok
 19962 | Lair:2   | Killed Gastronok
 20103 | Lair:2   | Found a staircase to the Snake Pit.
 20733 | Orc:1    | Entered Level 1 of the Orcish Mines
 20836 | Orc:1    | Found a bloodstained altar of Trog.
 20970 | Orc:2    | Entered Level 2 of the Orcish Mines
 21121 | Orc:2    | Found Guxeaho's Assorted Antiques.
 21161 | Orc:2    | Found a staircase to the Elven Halls.
 21342 | Orc:2    | Noticed Erolcha
 21359 | Orc:2    | Killed Erolcha
 21449 | Orc:2    | Noticed an orc warlord
 21498 | Orc:2    | Killed an orc warlord
 21568 | Orc:2    | Found Umis's Antique Weapon Shoppe.
 21588 | Orc:2    | Found Gedghiah's Antique Armour Shoppe.
 21598 | Orc:2    | Noticed an orc warlord
 21622 | Orc:2    | Killed an orc warlord
 21803 | Orc:2    | Found Xoerhes's Book Shoppe.
 21978 | Orc:2    | Found Rauropt's General Store.
 22181 | Orc:2    | Bought a pair of boots for 126 gold pieces
 23317 | D:14     | Identified the ring of Guss {Fly rF+ rC+ MP-9 Str+3}
 23536 | D:14     | Found the +3 hat of Pondering {ponderous, Will+ MP+10
                  | Int+5}
 23674 | D:15     | Entered Level 15 of the Dungeon
 23683 | D:15     | Reached XP level 16. HP: 91/125 MP: 24/30
 24294 | D:15     | Found a staircase to the Depths.
 24859 | Depths:1 | Entered Level 1 of the Depths
 24868 | Depths:1 | Found a gateway to Hell.
 24959 | D:15     | Identified a scroll of acquirement
 24959 | D:15     | Acquired the +2 pair of boots "Vet Oguh" {rPois Str+4}
 25254 | Swamp:1  | Entered Level 1 of the Swamp
 25432 | Swamp:1  | HP: 3/127 [acid (7)]
 26450 | Swamp:3  | Learned a level 7 spell: Malign Gateway
 27531 | Swamp:2  | Reached XP level 17. HP: 133/133 MP: 32/32
 27955 | Swamp:4  | Entered Level 4 of the Swamp
 27969 | Swamp:4  | Reached skill level 10 in Conjurations
 27969 | Swamp:4  | Reached skill level 10 in Hexes
 27969 | Swamp:4  | Reached skill level 10 in Summonings
 27969 | Swamp:4  | Reached skill level 10 in Necromancy
 27969 | Swamp:4  | Reached skill level 10 in Translocations
 27969 | Swamp:4  | Reached skill level 10 in Fire Magic
 27969 | Swamp:4  | Reached skill level 10 in Ice Magic
 27969 | Swamp:4  | Reached skill level 10 in Air Magic
 27969 | Swamp:4  | Reached skill level 10 in Earth Magic
 27969 | Swamp:4  | Reached skill level 10 in Alchemy
 28819 | Swamp:4  | Found a blossoming altar of Fedhas.
 29237 | Swamp:4  | Found a basalt altar of Yredelemnul.
 29250 | Swamp:4  | Got a decaying rune of Zot
 29522 | Snake:1  | Entered Level 1 of the Snake Pit
 30380 | Snake:2  | Found a runed translucent gate.
 30381 | Snake:2  | Found a runed translucent gate.
 30381 | Snake:2  | Noticed saucetenuto's ghost (journeyman DjFE)
 30382 | Snake:2  | Found a runed translucent gate.
 30390 | Snake:3  | Found Hyesch's Jewellery Boutique.
 30414 | Snake:3  | Bought an amulet of reflection for 540 gold pieces
 30528 | Snake:3  | Found Hosuliaf's Jewellery Shop.
 30671 | Snake:4  | Entered Level 4 of the Snake Pit
 30701 | Snake:4  | Reached XP level 18. HP: 66/142 MP: 14/34
 31173 | Snake:3  | Noticed Asterion
 31195 | Snake:3  | Killed Asterion
 32007 | Snake:3  | Identified the maw talisman of the Well-Known Realms {rElec
                  | rC- rN+++ Int+4}
 33922 | Snake:2  | Killed saucetenuto's ghost
 33931 | Snake:2  | Identified the +3 buckler "Hosopp" {Will+}
 34186 | Snake:2  | Learned a level 5 spell: Borgnjor's Vile Clutch
 35949 | Snake:4  | Found Yjad's Distillery.
 35961 | Snake:4  | Bought a potion of curing for 48 gold pieces
 35961 | Snake:4  | Bought a potion of curing for 48 gold pieces
 35961 | Snake:4  | Bought a potion of curing for 48 gold pieces
 35961 | Snake:4  | Bought a potion of might for 64 gold pieces
 35961 | Snake:4  | Bought a potion of might for 64 gold pieces
 36100 | Snake:4  | Reached XP level 19. HP: 75/150 MP: 36/36
 36488 | Snake:4  | Got a serpentine rune of Zot
 36578 | Snake:4  | Found Ugoqeinu's CLEARANCE SALE!.
 36584 | Snake:4  | Bought a scroll of blinking for 60 gold pieces
 36859 | D:12     | You paid a toll of 14 potions of curing to enter a treasure
                  | trove
 36860 | Trove    | Entered a treasure trove
 36863 | Trove    | Found the +3 pair of gauntlets of War {Slay+5}
 36865 | Trove    | Identified the scarf "Huisure" {+Inv, rF+ Will+}
 36866 | Trove    | Identified the scarf of the Shoals {+Inv, rPois rC+ Int+3
                  | Slay+2}
 36868 | Trove    | Identified the +1 pair of boots of Hedging {Harm Dex+3}
 36872 | Trove    | Identified the -1 hat "Imonta" {Harm MP-9 Str+3 Slay+2}
 36878 | Trove    | Identified the +3 chain mail of the Watchman {rPois rN++
                  | Will+ Dex-5}
 37419 | Depths:1 | Noticed Norris
 37457 | Depths:1 | Killed Norris
 37597 | Depths:1 | Found a shimmering altar of Xom.
 37771 | Depths:1 | Found a glowing golden altar of the Shining One.
 38188 | Depths:2 | Found Fiog Mue's Book Emporium.
 38189 | Depths:2 | Found Qigautt's Jewellery Boutique.
 38190 | Depths:2 | Found Ywuqu's Book Emporium.
 38205 | Depths:2 | Bought a book of the Wilderness for 418 gold pieces
 38212 | Depths:2 | Learned a level 6 spell: Summon Cactus Giant
 38250 | Depths:2 | Reached skill level 15 in Unarmed Combat
 38552 | Depths:2 | Found Niseomauh's General Store.
 39217 | Depths:2 | Reached skill level 15 in Invocations
 39301 | Depths:2 | Noticed a golden dragon
 39310 | Depths:2 | Killed a golden dragon
 39338 | Depths:2 | Found the dreamshard necklace {Acrobat *Dream}
 39339 | Depths:2 | Found the +6 arbalest "Damnation" {damnation}
 39346 | Depths:2 | Identified the +11 long sword of the Four Continents
                  | {drain, ^Fragile rF+ Will+ Dex+3}
 39347 | Depths:2 | Identified the +8 broad axe of Propriety {drain, rElec}
 39383 | Depths:2 | Identified the +3 ring mail "Zofyahi" {Harm rElec SInv}
 39403 | Depths:2 | Identified the +7 hand axe of Arrival {drain, rPois}
 39720 | Depths:2 | Reached XP level 20. HP: 128/159 MP: 36/37
 40029 | Depths:2 | Found a one-way gate leading to the halls of Pandemonium.
 40446 | Depths:3 | You are sucked into a shaft and drop 1 floor!
 40446 | Depths:4 | Entered Level 4 of the Depths
 40450 | Depths:4 | Noticed a golden dragon
 40450 | Depths:4 | Noticed a golden dragon
 40450 | Depths:4 | Found a gate to the Realm of Zot.
 40467 | Depths:4 | Noticed a caustic shrike
 40469 | Depths:4 | Noticed a caustic shrike
 40469 | Depths:4 | Noticed a caustic shrike
 40473 | Depths:4 | Noticed a caustic shrike
 40474 | Depths:4 | Killed a caustic shrike
 40480 | Depths:4 | HP: 9/240 [acid (10)]
 40480 | Depths:4 | HP: 3/240 [caustic shrike (6)]
 40480 | Depths:4 | Splashed by a caustic shrike's acid

Illustrated notes

Levels and vault maps discovered:
D:1:      lightli_arrival_chessboard, layout_loops_corners, patterned_corridor
D:2:      layout_rooms, corexii_hall_statues_x
D:3:      layout_loops_ring, serial_shops, nicolae_shop_hallway_stairs
D:4:      kennysheep_goblin_castle, layout_cave_pools, lemuel_round_altar,
          item_on_display_a, uniq_pikel
D:5:      layout_rooms, mainiacjoe_overflow_tiny_flanked, serial_shops, shop,
          serial_bayou_pond_c, hangedman_decor_riveting,
          amcnicky_mini_corridor_feature
D:6:      nicolae_cairo_tiling, layout_basic, gammafunk_temple_overflow_claw
D:7:      layout_basic, mainiacjoe_overflow_brackets,
          mainiacjoe_overflow_boulevard, minmay_temple_entry_water_ring
D:8:      layout_cave_pods, minmay_lair_entry_grove, uniq_joseph
D:9:      layout_loops_corners, palyth_temple_overflow_mages,
          nicolae_yredelemnul_corpse_copse, uniq_maurice, uniq_amaemon
D:10:     layout_cave_pools, david_orc_4, serial_shops, shop_fountains,
          nicolae_doodle_vault
D:11:     layout_roguey [special_room_orc]
D:12:     layout_roguey, nicolae_trove_entry_crystal, trog_antimagical
D:13:     layout_layer_cave, grunt_vaults_entry_fortified, serial_shops,
          nicolae_shop_stone, fedhas_altar_3
D:14:     minmay_tri_box, layout_rooms, minmay_bent
D:15:     grunt_enter_depths_snipers, layout_loops_cross,
          serial_library_hellmonk_filled_rooms, serial_bayou_pond_e
Temple:   grunt_temple_mini_profane
Lair:1:   layout_cave_pods, grunt_megastairs_4, serial_bayou_shore_b,
          lemuel_fruit_fields
Lair:2:   layout_small_grid, guppyfry_snake_entry_island, uniq_gastronok
Lair:3:   nzn_winding_woodlands_three_and_one
          [nzn_winding_woodlands_5x15_concentric,
          nzn_winding_woodlands_5x15_cabin, nzn_winding_woodlands_5x15_zeroes,
          nzn_winding_woodlands_center_pierced_h], layout_gridlike,
          alex1729_swamp_entry_worm_eleionoma, disabler_island, uniq_kirke,
          uniq_urug
Lair:4:   layout_layer_cave, slime_entry_1, serial_bayou_lake_a
Lair:5:   hangedman_lair_tendril_chambers, layout_big_grid,
          guppyfry_lair_end_dragon, st_stairs_12
Swamp:1:  layout_basic_swamp, serial_swamp_ruin, evilmike_swamp_ruin_house_5,
          evilmike_swamp_ruin_house_3, hangedman_swamp_ruin_wall, swamp_pool_1_2
Swamp:2:  layout_falls_marsh, nicolae_swamp_reclaimed_castle
Swamp:3:  layout_basic_swamp, evilmike_swamp_ruin_rubble_1
Swamp:4:  byrel_swamp_growth_death_and_undeath, layout_basic_swamp,
          infiniplex_staircase_pool
Snake:1:  layout_chambers, st_stairs_11
Snake:2:  layout_misc_corridors, ebering_ghost_rock_garden
Snake:3:  layout_layer_cave, serial_shops, shop, serial_bayou_pond_e,
          nicolae_stop_n_shop_2, uniq_asterion
Snake:4:  minmay_snake_end_coiled, layout_cave_town, serial_shops,
          nicolae_lakefront_shop, nicolae_shop_clearance, grunt_megastairs_2
Orc:1:    layout_diamond_mine, basic_altar
Orc:2:    grunt_orc_cross, layout_diamond_mine, serial_shops,
          nicolae_shop_pleasant_corner_grove, nicolae_orc_lava_tube
Depths:1: layout_cave_shapes, hell_entry, minivault_14,
          regret_index_xom_buried_treasure, tso_oasis_becter, uniq_norris
Depths:2: gold_lair_mu, layout_gridlike, minmay_misc_feat_tower,
          grunt_pan_entry_sceptre, serial_shops, shop, special_room
          [special_room_mythical_zoo], pf_hell_entry_tar_river,
          minmay_shop_grove
Depths:3: four-leaf_vault, layout_gridlike, enter_ziggurat_d, hell_entry,
          abyss_entry_flame_altar, grunt_ministairs_12, dancing_weapons_uskayaw
Depths:4: grunt_twist_and_shout, layout_cave_pools, hell_entry, nicolae_sextant,
          nicolae_abyss_entry_one_way_or_another, minmay_misc_feat_ornament,
          nicolae_transporter_intersection

Skill      XL: |  1  2  3  4  5  6  7  8  9 10 11 12 13 14 15 16 17 18 19 20 |
---------------+-------------------------------------------------------------+-----
Invocations    | 1 2 3 4 5 6 7 8 9 11 12 13 14 15 | 15.3
Short Blades   | 1 2 3 5 6 7 8 9 10 11 12 13 14 | 14.1
Long Blades    | 1 2 3 5 6 7 8 9 10 11 12 13 14 | 14.1
Axes           | 1 2 3 5 6 7 8 9 10 11 12 13 14 | 14.1
Maces & Flails | 1 2 3 5 6 7 8 9 10 11 12 13 14 | 14.1
Polearms       | 1 2 3 5 6 7 8 9 10 11 12 13 14 | 14.1
Staves         | 1 2 3 5 6 7 8 9 10 11 12 13 14 | 14.1
Ranged Weapons | 1 2 3 5 6 7 8 9 10 11 12 13 14 | 14.1
Throwing       | 1 2 3 5 6 7 8 9 10 11 12 13 14 | 14.1
Armour         | 1 2 3 5 6 7 8 9 10 11 12 13 14 | 14.1
Stealth        | 1 2 3 5 6 7 8 9 10 11 12 13 14 | 14.1
Shields        | 1 2 3 5 6 7 8 9 10 11 12 13 14 | 14.1
Spellcasting   | 1 2 3 5 6 7 8 9 10 11 12 13 14 | 14.1
Evocations     | 1 2 3 5 6 7 8 9 10 11 12 13 14 | 14.1
Conjurations   | 1 2 3 4 5 6 7 8 9 10 11 12 | 12.0
Hexes          | 1 2 3 4 5 6 7 8 9 10 11 12 | 12.0
Summonings     | 1 2 3 4 5 6 7 8 9 10 11 12 | 12.0
Necromancy     | 1 2 3 4 5 6 7 8 9 10 11 12 | 12.0
Translocations | 1 2 3 4 5 6 7 8 9 10 11 12 | 12.0
Fire Magic     | 1 2 3 4 5 6 7 8 9 10 11 12 | 12.0
Ice Magic      | 1 2 3 4 5 6 7 8 9 10 11 12 | 12.0
Air Magic      | 1 2 3 4 5 6 7 8 9 10 11 12 | 12.0
Earth Magic    | 1 2 3 4 5 6 7 8 9 10 11 12 | 12.7
Alchemy        | 1 2 3 4 5 6 7 8 9 10 11 12 | 12.0
Fighting       | 3 4 5 6 7 8 9 10 11 12 13 14 | 14.3
Dodging        | 5 6 7 8 9 10 11 12 13 14 | 14.8
Unarmed Combat | 7 8 9 10 11 12 13 14 15 | 15.4
Shapeshifting  | 7 8 9 10 11 12 13 14 | 14.4

Action                     |  1- 3 |  4- 6 |  7- 9 | 10-12 | 13-15 | 16-18 | 19-21 || total
---------------------------+-------+-------+-------+-------+-------+-------+-------++-------
  Melee: Unarmed           |    70 |    94 |    64 |       |   223 |   178 |       ||   629
         Punch             |     2 |     4 |    13 |       |    20 |    22 |    18 ||    79
         Bite              |     5 |     9 |    48 |   101 |   185 |   254 |    69 ||   671
         Whip              |       |       |   331 |       |       |       |       ||   331
         Trident           |       |       |    37 |   303 |       |       |       ||   340
         Demon whip        |       |       |       |   380 |   907 |   906 |       ||  2193
         Kick              |       |       |       |    38 |   473 |       |       ||   511
         Eveningstar       |       |       |       |       |       |   296 |   360 ||   656
   Fire: Arbalest          |       |       |       |       |       |       |    16 ||    16
  Throw: Dart              |       |       |    23 |     7 |       |       |       ||    30
         Javelin           |       |       |       |       |     4 |     2 |     6 ||    12
   Cast: Petrify           |       |       |       |       |     3 |     5 |     3 ||    11
         Lee's Rapid Decon |       |       |       |       |     3 |     4 |     4 ||    11
         Sticky Flame      |       |       |       |       |       |     7 |     4 ||    11
         Borgnjor's Vile C |       |       |       |       |       |       |    21 ||    21
         Summon Cactus Gia |       |       |       |       |       |       |     1 ||     1
 Invoke: Slouch            |       |       |       |     3 |     6 |    11 |     7 ||    27
Ability: Begin Untransform |       |       |     1 |       |     1 |     1 |       ||     3
  Evoke: Wand              |       |       |     5 |     6 |     7 |    16 |    10 ||    44
         Phial of floods   |       |       |       |       |     2 |       |       ||     2
         Phantom mirror    |       |       |       |       |       |     1 |       ||     1
    Use: Potion            |       |     2 |    10 |     6 |     5 |     5 |     2 ||    30
         Scroll            |       |       |     7 |     3 |    13 |    14 |     1 ||    38
   Stab: Sleeping          |     1 |     4 |     8 |     6 |     8 |    22 |       ||    49
         Invisible         |       |       |     6 |    18 |       |       |       ||    24
         Distracted        |       |       |       |     1 |     1 |     3 |       ||     5
         Petrified         |       |       |       |       |     1 |    10 |       ||    11
         Petrifying        |       |       |       |       |     1 |    10 |       ||    11
 Armour: Animal skin       |    24 |    22 |   251 |       |       |       |       ||   297
         Skin              |       |    15 |    92 |     9 |       |       |       ||   116
         Leather armour    |       |       |       |   207 |       |       |       ||   207
         Chain mail        |       |       |       |   173 |   543 |   764 |   292 ||  1772
  Dodge: Dodged            |    34 |    33 |   281 |   470 |   749 |   998 |   385 ||  2950
  Block: Buckler           |       |       |    61 |   250 |   303 |   768 |   221 ||  1603
         Reflection        |       |       |       |       |       |    81 |    16 ||    97
         Other             |       |       |       |       |       |       |    24 ||    24
   Form: Blade             |       |       |       |       |     3 |       |       ||     3
         Maw               |       |       |       |       |     1 |       |       ||     1
